3AAA
ALASKAN HUMPBACKS @ SIOUX FALLS RED PANDAS
08/25/2034
 
TOP OF THE 1ST
Alaskan Humpbacks batting - Pitching for Sioux Falls Red Pandas : LHP Juan Cardenas
Pitching: LHP Juan Cardenas
Batting: LHB Dallas Ihde 0-0: Foul Ball, location: 2F
0-1: Ball
1-1: Foul Ball, location: 2F
1-2: Strikes out swinging
Batting: LHB Craig Morgan 0-0: Ball
1-0: Ball
2-0: Foul Ball, location: 2F
2-1: Fly out, F8 (Flyball, 78D)
Batting: RHB Sigi Lang 0-0: Ball
1-0: Ball
2-0: Foul Ball, location: 2F
2-1: Foul Ball, location: 2F
2-2: Foul Ball, location: 2F
2-2: Fly out, F6 (Popup, 6MD)
Top of the 1st over - 0 runs, 0 hits, 0 errors, 0 left on base; Alaskan 0 - Sioux Falls 0
BOTTOM OF THE 1ST
Sioux Falls Red Pandas batting - Pitching for Alaskan Humpbacks : RHP Liam Thomson
Pitching: RHP Liam Thomson
Batting: LHB Mo-ruo Teoh 0-0: Ground out 6-3 (Groundball, 6S)
Batting: LHB Ramón Félix 0-0: Fly out, F9 (Line Drive, 9)
Batting: RHB Gary Chalmers 0-0: Foul Ball, location: 2F
0-1: Swinging Strike
0-2: Ground out 4-3 (Groundball, 4)
Bottom of the 1st over - 0 runs, 0 hits, 0 errors, 0 left on base; Alaskan 0 - Sioux Falls 0
TOP OF THE 2ND
Alaskan Humpbacks batting - Pitching for Sioux Falls Red Pandas : LHP Juan Cardenas
Batting: RHB Jimbob Ghostkeeper 0-0: Foul Ball, location: 2F
0-1: Fly out, F9 (Flyball, 9LMF)
Batting: LHB Gabriel Amezquita 0-0: Called Strike
0-1: Ball
1-1: Ball
2-1: Ground out 4-3 (Groundball, 4)
Batting: RHB Wally Briggs 0-0: SINGLE (Groundball, 4D)
Batting: RHB Jon Moon 0-0: Called Strike
0-1: Ball
1-1: Ball
2-1: Foul Ball, location: 2F
2-2: Fly out, F7 (Line Drive, 7LD)
Top of the 2nd over - 0 runs, 1 hit, 0 errors, 1 left on base; Alaskan 0 - Sioux Falls 0
BOTTOM OF THE 2ND
Sioux Falls Red Pandas batting - Pitching for Alaskan Humpbacks : RHP Liam Thomson
Batting: LHB Count Dante 0-0: Ground out U3 (Groundball, 34)
Batting: RHB Steve Irwin 0-0: Ball
1-0: Foul Ball, location: 2F
1-1: Ground out 5-3 (Groundball, 56S)
Batting: LHB Terrence Eler 0-0: Called Strike
0-1: Ball
1-1: Fly out, F9 (Flyball, 89M)
Bottom of the 2nd over - 0 runs, 0 hits, 0 errors, 0 left on base; Alaskan 0 - Sioux Falls 0
TOP OF THE 3RD
Alaskan Humpbacks batting - Pitching for Sioux Falls Red Pandas : LHP Juan Cardenas
Batting: LHB Felipe Soto 0-0: Fly out, F6 (Popup, 56D)
Batting: RHB Chris Walters 0-0: Ball
1-0: Foul Ball, location: 2F
1-1: Foul Ball, location: 2F
1-2: Foul Ball, location: 2F
1-2: Ball
2-2: Foul Ball, location: 2F
2-2: SINGLE (Groundball, 6MD)
Batting: LHB Dallas Ihde 0-0: Ball
1-0: Foul Ball, location: 2F
1-1: Foul Ball, location: 2F
1-2: Fly out, F7 (Flyball, 7D)
Batting: LHB Craig Morgan 0-0: Ball
1-0: Ball
2-0: 2-RUN HOME RUN (Flyball, 9LD), Distance : 378 ft
Batting: RHB Sigi Lang 0-0: Swinging Strike
0-1: Ground out 5-3 (Groundball, 56S)
Top of the 3rd over - 2 runs, 2 hits, 0 errors, 0 left on base; Alaskan 2 - Sioux Falls 0
BOTTOM OF THE 3RD
Sioux Falls Red Pandas batting - Pitching for Alaskan Humpbacks : RHP Liam Thomson
Batting: LHB Jorge Vélez 0-0: Ball
1-0: DOUBLE (Line Drive, 3D)
Batting: RHB Wilfred McLaughlin 0-0: Ball
1-0: Swinging Strike
1-1: Foul Ball, location: 2F
1-2: Foul Ball, location: 2F
1-2: Ball
2-2: Foul Ball, location: 2F
2-2: Fly out, F6 (Popup, 6M)
Batting: SHB Esteban Lugo 0-0: Called Strike
0-1: Ball
Jorge Vélez is caught stealing 3rd base
1-1: Ball
2-1: Swinging Strike
2-2: Ball
3-2: Base on Balls
Batting: LHB Mo-ruo Teoh 0-0: Ball
1-0: Called Strike
1-1: Called Strike
1-2: Fly out, F9 (Flyball, 89S)
Bottom of the 3rd over - 0 runs, 1 hit, 0 errors, 1 left on base; Alaskan 2 - Sioux Falls 0
TOP OF THE 4TH
Alaskan Humpbacks batting - Pitching for Sioux Falls Red Pandas : LHP Juan Cardenas
Batting: RHB Jimbob Ghostkeeper 0-0: Ball
1-0: Ball
2-0: Swinging Strike
2-1: Ball
3-1: DOUBLE (Groundball, 5L)
Batting: LHB Gabriel Amezquita 0-0: Ball
1-0: Called Strike
1-1: Fly out, F9 (Line Drive, 9)
Batting: RHB Wally Briggs 0-0: Foul Ball, location: 2F
0-1: Ball
1-1: Foul Ball, location: 2F
1-2: Foul Ball, location: 2F
1-2: Foul Ball, location: 2F
1-2: Ball
2-2: Strikes out swinging
Batting: RHB Jon Moon 0-0: Called Strike
0-1: Called Strike
0-2: Ground out 6-3 (Groundball, 6S)
Top of the 4th over - 0 runs, 1 hit, 0 errors, 1 left on base; Alaskan 2 - Sioux Falls 0
BOTTOM OF THE 4TH
Sioux Falls Red Pandas batting - Pitching for Alaskan Humpbacks : RHP Liam Thomson
Batting: LHB Ramón Félix 0-0: Ball
1-0: Ball
2-0: Foul Ball, location: 2F
2-1: Ball
3-1: Base on Balls
Batting: RHB Gary Chalmers 0-0: Ball
1-0: Fly out, F5 (Popup, 56)
Batting: LHB Count Dante 0-0: Ball
Wild Pitch!
Ramón Félix to second
1-0: Ball
2-0: Foul Ball, location: 2F
2-1: Foul Ball, location: 2F
2-2: Ball
3-2: Foul Ball, location: 2F
3-2: Base on Balls
Batting: RHB Steve Irwin 0-0: DOUBLE (Line Drive, 89M)
Ramón Félix scores
Count Dante to third
Runner from 3rd tries for Home, SAFE, no throw
Batting: LHB Terrence Eler 0-0: Ball
1-0: Ball
2-0: Swinging Strike
2-1: Ground out 6-3 (Groundball, 6)
Batting: LHB Jorge Vélez 0-0: Swinging Strike
0-1: Foul Ball, location: 2F
0-2: Strikes out swinging
Bottom of the 4th over - 2 runs, 1 hit, 0 errors, 1 left on base; Alaskan 2 - Sioux Falls 2
TOP OF THE 5TH
Alaskan Humpbacks batting - Pitching for Sioux Falls Red Pandas : LHP Juan Cardenas
Pitching: RHP Víctor García
Batting: LHB Felipe Soto 0-0: Ball
1-0: Foul Ball, location: 2F
1-1: Ground out 3-1 (Groundball, 34S)
Batting: RHB Chris Walters 0-0: Ground out 6-3 (Groundball, 6)
Batting: LHB Dallas Ihde 0-0: Called Strike
0-1: Foul Ball, location: 2F
0-2: Ball
1-2: Strikes out swinging
Top of the 5th over - 0 runs, 0 hits, 0 errors, 0 left on base; Alaskan 2 - Sioux Falls 2
BOTTOM OF THE 5TH
Sioux Falls Red Pandas batting - Pitching for Alaskan Humpbacks : RHP Liam Thomson
Batting: RHB Wilfred McLaughlin 0-0: Ball
1-0: Ball
2-0: Fly out, F5 (Line Drive, 56)
Batting: SHB Esteban Lugo 0-0: Ball
1-0: Foul Ball, location: 2F
1-1: Ball
2-1: Ground out 4-3 (Groundball, 4)
Batting: LHB Mo-ruo Teoh 0-0: Fly out, F8 (Flyball, 78XD)
Bottom of the 5th over - 0 runs, 0 hits, 0 errors, 0 left on base; Alaskan 2 - Sioux Falls 2
TOP OF THE 6TH
Alaskan Humpbacks batting - Pitching for Sioux Falls Red Pandas : RHP Víctor García
Batting: LHB Craig Morgan 0-0: Ball
1-0: Ball
2-0: Called Strike
2-1: DOUBLE (Line Drive, 89M)
Batting: RHB Sigi Lang 0-0: Fly out, F8 (Flyball, 8LD)
Batting: RHB Jimbob Ghostkeeper 0-0: Ball
1-0: Ball
2-0: Ball
3-0: Base on Balls
Batting: LHB Gabriel Amezquita 0-0: Ball
1-0: Fielders Choice at 2nd, 4-6 (Groundball, 4)
Craig Morgan to third
Batting: RHB Wally Briggs 0-0: Called Strike
Gabriel Amezquita steals 2nd base
0-1: Swinging Strike
0-2: SINGLE (Flyball, 7LS)
Craig Morgan scores
Gabriel Amezquita to third
Runner from 3rd tries for Home, SAFE, no throw
Batting: RHB Jon Moon 0-0: Ball
Wally Briggs steals 2nd base
1-0: Ball
2-0: Called Strike
2-1: Ground out 4-3 (Groundball, 4)
Top of the 6th over - 2 runs, 2 hits, 0 errors, 1 left on base; Alaskan 4 - Sioux Falls 2
BOTTOM OF THE 6TH
Sioux Falls Red Pandas batting - Pitching for Alaskan Humpbacks : RHP Liam Thomson
Batting: LHB Ramón Félix 0-0: Foul Ball, location: 2F
0-1: Ball
1-1: Ball
2-1: Ground out 4-3 (Groundball, 4)
Batting: RHB Gary Chalmers 0-0: Foul Ball, location: 2F
0-1: SINGLE (Groundball, 6MD)
Batting: LHB Count Dante 0-0: Called Strike
0-1: Called Strike
0-2: Strikes out swinging
Batting: RHB Steve Irwin 0-0: Ball
1-0: Called Strike
1-1: Ball
2-1: Called Strike
2-2: Foul Ball, location: 2F
2-2: Ball
3-2: SINGLE (Groundball, 6D)
Gary Chalmers to second
Gary Chalmers to third
Batting: LHB Terrence Eler 0-0: Foul Ball, location: 2F
0-1: Ball
1-1: Foul Ball, location: 2F
1-2: Ball
2-2: Fly out, F4 (Popup, 4M)
Bottom of the 6th over - 0 runs, 2 hits, 0 errors, 2 left on base; Alaskan 4 - Sioux Falls 2
TOP OF THE 7TH
Alaskan Humpbacks batting - Pitching for Sioux Falls Red Pandas : RHP Víctor García
Batting: LHB Felipe Soto 0-0: Ball
1-0: Ground out 4-3 (Groundball, 4)
Batting: RHB Chris Walters 0-0: Called Strike
0-1: Called Strike
0-2: Ball
1-2: DOUBLE (Groundball, 3L)
Batting: LHB Dallas Ihde 0-0: Ground out 5-3 (Groundball, 56)
Batting: LHB Craig Morgan 0-0: Ball
1-0: Ball
2-0: Called Strike
2-1: Foul Ball, location: 2F
2-2: Fly out, F8 (Flyball, 8RM)
Top of the 7th over - 0 runs, 1 hit, 0 errors, 1 left on base; Alaskan 4 - Sioux Falls 2
BOTTOM OF THE 7TH
Sioux Falls Red Pandas batting - Pitching for Alaskan Humpbacks : RHP Liam Thomson
Batting: LHB Jorge Vélez 0-0: Foul Ball, location: 2F
0-1: Swinging Strike
0-2: Ball
1-2: Strikes out swinging
Pitching: RHP Raneem Zogby
Batting: RHB Wilfred McLaughlin 0-0: Called Strike
0-1: Ball
1-1: Swinging Strike
1-2: Ball
2-2: Strikes out looking
Batting: SHB Esteban Lugo 0-0: Swinging Strike
0-1: Ball
1-1: Called Strike
1-2: Ball
2-2: Fly out, F5 (Popup, 25F)
Bottom of the 7th over - 0 runs, 0 hits, 0 errors, 0 left on base; Alaskan 4 - Sioux Falls 2
TOP OF THE 8TH
Alaskan Humpbacks batting - Pitching for Sioux Falls Red Pandas : RHP Víctor García
Batting: RHB Sigi Lang 0-0: Ball
1-0: Foul Ball, location: 2F
1-1: Foul Ball, location: 2F
1-2: Ball
2-2: Strikes out looking
Batting: RHB Jimbob Ghostkeeper 0-0: Ground out 5-3 (Groundball, 56S)
Batting: LHB Gabriel Amezquita 0-0: Called Strike
0-1: Ball
1-1: Swinging Strike
1-2: Strikes out swinging
Top of the 8th over - 0 runs, 0 hits, 0 errors, 0 left on base; Alaskan 4 - Sioux Falls 2
BOTTOM OF THE 8TH
Sioux Falls Red Pandas batting - Pitching for Alaskan Humpbacks : RHP Raneem Zogby
Batting: LHB Mo-ruo Teoh 0-0: Swinging Strike
0-1: Foul Ball, location: 2F
0-2: Foul Ball, location: 2F
0-2: Strikes out swinging
Batting: LHB Ramón Félix 0-0: Ground out 1-3 (Groundball, P)
Batting: RHB Gary Chalmers 0-0: Ball
1-0: Ball
2-0: Ball
3-0: Base on Balls
Batting: LHB Count Dante 0-0: Called Strike
0-1: Foul Ball, location: 2F
0-2: Fly out, F9 (Flyball, 9LD)
Bottom of the 8th over - 0 runs, 0 hits, 0 errors, 1 left on base; Alaskan 4 - Sioux Falls 2
TOP OF THE 9TH
Alaskan Humpbacks batting - Pitching for Sioux Falls Red Pandas : RHP Víctor García
Batting: RHB Wally Briggs 0-0: Called Strike
0-1: Called Strike
0-2: SINGLE (Line Drive, 6MD)
Batting: RHB Jon Moon 0-0: Swinging Strike
0-1: Sac Bunt - play at first, batter OUT! 1-3
Wally Briggs to second
Batting: LHB Felipe Soto 0-0: Intentional Walk
Batting: RHB Chris Walters 0-0: Called Strike
Throwing error on steal attempt, E2
Wally Briggs scores
Felipe Soto to third
0-1: Single, Error in OF, E9, batter to second base
Felipe Soto scores
Pitching: RHP António Rodríguez
Batting: LHB Dallas Ihde 0-0: Called Strike
0-1: Foul Ball, location: 2F
0-2: Ball
1-2: TRIPLE (Flyball, 89XD)
Chris Walters scores
Batting: LHB Craig Morgan 0-0: Foul Ball, location: 2F
0-1: Ball
1-1: Foul Ball, location: 2F
1-2: Foul Ball, location: 2F
1-2: Ball
2-2: Strikes out swinging
Batting: RHB Sigi Lang 0-0: Called Strike
0-1: Foul Ball, location: 2F
0-2: Foul Ball, location: 2F
0-2: Foul Ball, location: 2F
0-2: SINGLE (Line Drive, 89S)
Dallas Ihde scores
Batting: RHB Jimbob Ghostkeeper 0-0: Ball
Wild Pitch!
Sigi Lang to second
1-0: Called Strike
1-1: Swinging Strike
1-2: Strikes out swinging
Top of the 9th over - 4 runs, 4 hits, 2 errors, 1 left on base; Alaskan 8 - Sioux Falls 2
BOTTOM OF THE 9TH
Sioux Falls Red Pandas batting - Pitching for Alaskan Humpbacks : RHP Raneem Zogby
Now at C: Luis Oliva
Batting: RHB Steve Irwin 0-0: Fly out, F8 (Flyball, 78M)
Batting: LHB Terrence Eler 0-0: Ground out 4-3 (Groundball, 4S)
Batting: LHB Jorge Vélez 0-0: Ball
1-0: Foul Ball, location: 2F
1-1: Foul Ball, location: 2F
1-2: Ball
2-2: Fly out, F4 (Line Drive, 4)
Bottom of the 9th over - 0 runs, 0 hits, 0 errors, 0 left on base; Alaskan 8 - Sioux Falls 2
Friday, March 29th, 2019 - OOTP Baseball 18.8 Build 76